 Dungeon Crawl Stone Soup version 0.28-a0-577-gb193047a1f (webtiles) character file.

Game seed: 8283048582022845146

14 DJNightmares the Skirmisher (level 2, 33/33 HPs)
             Began as an Ogre Berserker on Oct 2, 2021.
             Was a Follower of Trog.
             Got out of the dungeon alive.
             The game lasted 00:01:42 (1006 turns).

DJNightmares the Skirmisher (Ogre Berserker)        Turns: 1006, Time: 00:01:44

Health: 33/33      AC:  3    Str: 20    XL:     2   Next: 45%
Magic:  2/2        EV: 10    Int:  8    God:    Trog [*.....]
Gold:   42         SH:  0    Dex:  8    Spells: 1/1 levels left

rFire   . . .      SeeInvis .   a - +0 hand axe
rCold   . . .      Faith    .   (no shield)
rNeg    . . .      Spirit   .   b - +0 animal skin
rPois   .          Reflect  .   (helmet restricted)
rElec   .          Harm     .   (no cloak)
rCorr   .          Rampage  .   (gloves unavailable)
Will    .....                   (boots unavailable)
Stlth   +.........              (no amulet)
HPRegen 0.11/turn               (no ring)
MPRegen 0.08/turn               (no ring)

@: no status effects
A: large, unfitting armour, tough skin 1
a: Renounce Religion, Berserk


You escaped.
You worshipped Trog.
Trog was aware of your devotion.
You visited 1 branch of the dungeon, and saw 1 of its levels.

You collected 42 gold pieces.

Inventory:

Hand Weapons
 a - a +0 hand axe (weapon)
Armour
 b - a +0 animal skin (worn)
Scrolls
 c - a scroll of fog {unknown}
 d - 4 scrolls of fear {unknown}
 e - a scroll of identify {unknown}
Potions
 f - a potion of degeneration {unknown}
 g - a potion of haste {unknown}


   Skills:
 + Level 4.3 Fighting
 + Level 3.2 Axes
 + Level 3.0 Dodging


You had one spell level left.
You didn't know any spells.
Your spell library was empty.

Dungeon Overview and Level Annotations

Branches:
Dungeon (1/15)

Altars:


Innate Abilities, Weirdness & Mutations

You are too large for most types of armour.
You have tough skin. (AC +1)


Message History

The endoplasm is almost dead.
The endoplasm freezes you.
You are frozen.
You hit the endoplasm.
You kill the endoplasm!
Trog accepts your kill. As you open the door, it creaks loudly!
There is an open door here.
You now have 34 gold pieces (gained 13).
An endoplasm comes into view.
The endoplasm quivers.
You hit the endoplasm but do no damage. The endoplasm freezes you.
You are frozen.
You hit the endoplasm.
The endoplasm is heavily wounded.
The endoplasm freezes you.
You are frozen.
You hit the endoplasm.
You kill the endoplasm!
Trog accepts your kill.
Your Dodging skill increases to level 3!
You now have 42 gold pieces (gained 8).
g - a glowing emerald potion
Found a shiny ring mail.
Found 16 stones.
You open the door.
There is an open door here.
There is an open door here.
There is an open door here.
You open the door.
There is an open door here.
There is a stone staircase leading down here.
There is an open door here.
There is an open door here.
There is an empty arch of ancient stone here.
Done exploring.
There is a staircase leading out of the dungeon here.
Are you sure you want to leave the Dungeon?
This will make you lose the game!
You have escaped!

##...##
#..................♣#
#####'#####
#.♣.................#
..#.......#
#..................##
#.#.#.###.#
#.....♣.....8......##
#.#.#.###.#
♣................#∩#.
.......##.#
♣..............♣###..
........#.# #..............#
#..#
#.#....##.###≈.............#
#.##
#.#.#.......###.@......♣..♣#
#.## #.#.......###
##...........# #...
....#.##### ##..♣....♣.##
#### #####.# ###########
#####.# ....#.# ###.#.#
#.#.## ######### ###....##
#.......#


There were no monsters in sight!

Vanquished Creatures
  6 endoplasms (D:1)
  A hobgoblin (D:1)
  A quokka (D:1)
  A bat (D:1)
  A frilled lizard (D:1)
  3 rats (D:1)
13 creatures vanquished.

Notes
Turn   | Place    | Note
-------+----------+-------------------------------------------
     0 | D:1      | DJNightmares the Ogre Berserker began the quest for the
                  | Orb.
     0 | D:1      | Reached XP level 1. HP: 24/24 MP: 1/1
   281 | D:1      | Reached XP level 2. HP: 32/32 MP: 2/2
  1006 | D:$      | Got out of the dungeon alive.

Illustrated notes

Levels and vault maps discovered:
D:1:      nzn_arrival_settlement, layout_loops_corners

Skill      XL: |  1  2 |
---------------+-------+-----
Dodging        | 3 |  3.0
Fighting       | |  4.3
Axes           | |  3.2

Action                   || total
-------------------------++-------
Melee: Hand axe          ||    38
Armor: Animal skin       ||     9
Dodge: Dodged            ||    16

Table legend: (Time is in decaauts)
 A = Elapsed time spent in this place.
 B = Non-inter-level travel time spent in this place.
 C = Inter-level travel time spent in this place.
 D = Time resting spent in this place.
 E = Time spent auto-exploring this place.
 F = Levels seen in this place.
 G = Mean time per level.
                   A        B        C        D        E       F      G
               +--------+--------+--------+--------+--------+-----+--------+
         Total |   1011 |   1011 |      0 |     93 |    778 |   1 | 1011.0 |
       Dungeon |   1011 |   1011 |      0 |     93 |    778 |   1 | 1011.0 |
               +--------+--------+--------+--------+--------+-----+--------+

Top non-repeatable levels by time:
     D:1: 1011 daAuts
